 Dungeon Crawl Stone Soup version 0.32-a0-814-g0968bab981 (webtiles) character file.

Game seed: 15854119184721344233

3276 Rohain the Thaumaturge (level 10, -4/60 HPs)
             Began as a Djinni Fire Elementalist on Mar 22, 2024.
             Slain by a vampire (5 damage)
             ... on level 7 of the Dungeon.
             The game lasted 00:16:27 (6682 turns).

Rohain the Thaumaturge (Djinni Fire Elementalist)   Turns: 6682, Time: 00:16:28

Health: -4/60      AC:  7    Str:  7    XL:     10   Next: 20%
Gold:   230        EV: 15    Int: 27    God:
                   SH:  0    Dex: 14

rFire   + + .        b - staff of death
rCold   x . .        (no shield)
rNeg    + . .        g - +1 robe of the Bruised Blessings {Will+}
rPois   ∞            (no helmet)
rElec   +            (no cloak)
rCorr   .            (no gloves)
SInv    .            (boots unavailable)
Will    ++...        (no amulet)
Stlth   ++           e - +6 ring of intelligence
HPRegen 0.30/turn    d - +4 ring of protection
MPRegen 0.00/turn

%: infuse magic (-5 HP)
@: about to teleport, flying, invisible
A: sickness immunity, fire resistance 2, cold vulnerability 1, float, innate
caster, HP casting, extra vitality 1, screaming 1, electricity resistance
a: no special abilities


You were on level 7 of the Dungeon.
You visited 1 branch of the dungeon, and saw 7 of its levels.
You also visited: Sewer.

You collected 230 gold pieces.

Inventory:

Missiles
 h - 2 throwing nets
Armour
 a - a +0 robe
 g - the +1 robe of the Bruised Blessings (worn) {Will+}
   (You found it on level 5 of the Dungeon)

   Will+:     It increases your willpower.
Magical Staves
 b - a staff of death (weapon)
Jewellery
 d - a +4 ring of protection (right hand)
 e - a +6 ring of intelligence (left hand)
Wands
 i - a wand of mindburst (19)
 p - a wand of light (8)
Scrolls
 c - a scroll of blinking
 o - a scroll of fear
Potions
 f - 3 potions of haste
 k - 3 potions of might
 l - a potion of brilliance {unknown}
 q - a potion of ambrosia {unknown}


   Skills:
 + Level 8.7 Dodging
 - Level 2.0 Stealth
 * Level 9.5 Spellcasting
 * Level 9.5 Conjurations
 * Level 9.5 Hexes
   Level 0.0 Charms
 * Level 9.5 Summonings
 * Level 9.5 Necromancy
 * Level 9.5 Translocations
   Level 0.0 Transmutations
 * Level 9.5 Fire Magic
 * Level 9.5 Ice Magic
 * Level 9.5 Air Magic
 * Level 9.5 Earth Magic
 * Level 9.5 Alchemy


You knew the following spells:

 Your Spells              Type           Power      Damage    Failure   Level
a - Foxfire               Conj/Fire      100%       2x1d9     1%          1
b - Scorch                Fire           100%       2d9       1%          2
c - Volatile Blastmotes   Fire/Tloc      100%       2d18      1%          3
d - Inner Flame           Hex/Fire       59%        N/A       1%          3
e - Flame Wave            Conj/Fire      59%        2d14      1%          4
f - Slow                  Hex            100%       N/A       1%          1
g - Jinxbite              Hex            100%       N/A       1%          2
h - Mephitic Cloud        Conj/Alch/Air  59%        N/A       1%          3
i - Tukima's Dance        Hex            59%        N/A       1%          3
Your spell library was empty.

Dungeon Overview and Level Annotations

Branches:
Dungeon (7/15)             Temple (0/1) D:4           Sewer (visited)

Altars:
Ashenzari
Okawaru
Xom
The Shining One

Shops:
D:5 :

Annotations:
D:7 1 runed translucent door, Crazy Yiuf


Innate Abilities, Weirdness & Mutations

You are immune to sickness and miasma.
You are immune to poison.
Your flesh is very heat resistant. (rF++)
You are vulnerable to cold. (rC-)
You float through the air rather than walking.
You learn spells naturally, not from books.
Your magical power is your life essence.
You have superior vitality. (+4 MHP)
You occasionally shout uncontrollably at your foes.
You are resistant to electric shocks. (rElec)


Message History

Flames lash the vampire.
The vampire is moderately damaged.
The vampire's fire resistance burns away.
* * * LOW HITPOINT WARNING * * *
Casting: Scorch (safe; 1% risk of failure)
Confirm with . or Enter, or press ? or * to list all spells.
You conjure some foxfire!
* * * LOW HITPOINT WARNING * * *
Your foxfire dissipates!
The foxfire hits the vampire.
The vampire is burned terribly!
The vampire is heavily damaged.
Casting: Foxfire (safe; 1% risk of failure)
Confirm with . or Enter, or press ? or * to list all spells.
Flames lash the vampire but do no damage.
* * * LOW HITPOINT WARNING * * *
The foxfire hits the vampire.
The vampire is heavily damaged.
Unknown command.
Casting: Scorch (safe; 1% risk of failure)
Confirm with . or Enter, or press ? or * to list all spells.
Flames lash the vampire but do no damage.
* * * LOW HITPOINT WARNING * * *
The vampire hits you but does no damage.
The vampire bites you.
* * * LOW HITPOINT WARNING * * *
Okay, then.
As you read the scroll of teleportation, it crumbles to dust.
You feel strangely unstable.
The vampire is no longer more vulnerable to fire.
The vampire hits you!
* * * LOW HITPOINT WARNING * * *
The vampire completely misses you.
Okay, then.
You fade into invisibility!
The vampire completely misses you.
The vampire bites you but does no damage.
It was a potion of mutation.
You feel extremely strange.
You feel insulated.
You feel the urge to shout. The vampire hits you.
You die...

### ♣♣♣.♣...### #.......##..
#...#♣..♣......###.......##..
#...+.♣♣♣♣......##.......##..
#)..#♣♣ ♣♣..#...........##..
### ♣♣######......(##..
#.......##.. ####.......##..
########.....<#...##.#
#...V@##....#.#...#...
####...#.##....#.#...#).#
##......#...#...#.....#..#
#..########.#...#.#.#....#
#''# #.##'#..#.^)##.# ♣..♣
#§.#.#..###.##.# ♣..♣
##.#.#......#... ♣..♣
#.#.#.######..# ♣..♣ #.#.#.#
#...#


You could see a vampire.

Vanquished Creatures
  Maggie (D:7)
  A shadow (D:7)
  A wyvern (D:7)
  Menkaure (D:7)
  Duvessa (D:4)
  3 ice beasts
  A water moccasin (D:6)
  Pargi (Sewer)
  A black bear (D:6)
  A kobold brigand (D:7)
  A brain worm (Sewer)
  A scorpion (D:6)
  Dowan (D:4)
  2 wights (D:7)
  4 crimson imps (D:4)
  2 hounds (D:6)
  An orc priest (D:3)
  A gnoll bouda (D:5)
  3 iguanas
  Ijyb (D:4)
  2 orc wizards (D:3)
  Natasha (thrice) (D:3)
  11 gnolls
  5 adders
  3 river rats (D:4)
  A shadow imp (D:7)
  5 dart slugs
  A ribbon worm (D:4)
  12 orcs
  4 bats
  8 endoplasms
  2 giant cockroaches (D:1)
  10 goblins
  8 hobgoblins
  3 jackals (D:2)
  2 quokkas
  9 ball pythons
  9 frilled lizards
  6 kobolds
  6 rats
139 creatures vanquished.

Vanquished Creatures (collateral kills)
  A two-headed ogre (D:6)
  An ogre (D:7)
  A centaur (D:7)
  A wight (D:7)
4 creatures vanquished.

Vanquished Creatures (others)
  450 foxfires
450 creatures vanquished.

Grand Total: 593 creatures vanquished

Notes
Turn   | Place    | Note
-------+----------+-------------------------------------------
     0 | D:1      | Rohain the Djinni Fire Elementalist began the quest for the
                  | Orb.
     0 | D:1      | Rohain set off with the following spells memorised:
                  | Foxfire, Scorch, Volatile Blastmotes, Inner Flame, Flame
                  | Wave.
     0 | D:1      | Reached XP level 1. HP: 15/15 MP: 0/0
    74 | D:1      | Found a faded altar of an unknown god.
   185 | D:1      | Reached XP level 2. HP: 17/21 MP: 0/0
   640 | D:1      | Reached XP level 3. HP: 24/25 MP: 0/0
   640 | D:1      | Learned a level 1 spell: Slow
   866 | D:2      | Reached XP level 4. HP: 26/31 MP: 0/0
  1691 | D:3      | Noticed Natasha
  1697 | D:3      | Killed Natasha
  1698 | D:3      | Reached XP level 5. HP: 26/35 MP: 0/0
  1698 | D:3      | Learned a level 2 spell: Jinxbite
  1766 | D:3      | Noticed Natasha
  1770 | D:3      | Killed Natasha
  1785 | D:3      | Reached XP level 6. HP: 30/40 MP: 0/0
  1785 | D:3      | Noticed Natasha
  1788 | D:3      | Killed Natasha
  2034 | D:3      | Found an iron altar of Okawaru.
  2229 | D:4      | Reached skill level 5 in Spellcasting
  2229 | D:4      | Reached skill level 5 in Conjurations
  2229 | D:4      | Reached skill level 5 in Hexes
  2229 | D:4      | Reached skill level 5 in Summonings
  2229 | D:4      | Reached skill level 5 in Necromancy
  2229 | D:4      | Reached skill level 5 in Translocations
  2229 | D:4      | Reached skill level 5 in Fire Magic
  2229 | D:4      | Reached skill level 5 in Ice Magic
  2229 | D:4      | Reached skill level 5 in Air Magic
  2229 | D:4      | Reached skill level 5 in Earth Magic
  2229 | D:4      | Reached skill level 5 in Alchemy
  2391 | D:4      | Noticed Ijyb
  2402 | D:4      | Killed Ijyb
  2523 | D:4      | Found a staircase to the Ecumenical Temple.
  2590 | D:4      | Reached XP level 7. HP: 42/45 MP: 0/0
  2590 | D:4      | Learned a level 3 spell: Mephitic Cloud
  2598 | D:4      | Found a glowing drain.
  2605 | Sewer    | Entered a sewer
  2633 | Sewer    | Noticed Pargi
  2645 | Sewer    | Killed Pargi
  2750 | Sewer    | Reached skill level 5 in Dodging
  3086 | D:4      | Found a glowing golden altar of the Shining One.
  3299 | D:4      | Noticed Duvessa
  3299 | D:4      | Noticed Dowan
  3321 | D:4      | Killed Dowan
  3346 | D:4      | Killed Duvessa
  3347 | D:4      | Reached XP level 8. HP: 31/50 MP: 0/0
  3694 | D:4      | Found a shimmering altar of Xom.
  4045 | D:5      | Entered Level 5 of the Dungeon
  4045 | D:5      | Found Cewkokai's Vocational Training.
  4167 | D:5      | Identified the +1 robe of the Bruised Blessings {Will+}
  5166 | D:6      | Found a broken altar of Ashenzari.
  5240 | D:6      | Noticed a two-headed ogre
  5252 | D:6      | Reached XP level 9. HP: 35/55 MP: 0/0
  5252 | D:6      | Learned a level 3 spell: Tukima's Dance
  5261 | D:6      | Killed a two-headed ogre
  5624 | D:7      | Noticed Maggie
  5635 | D:7      | Killed Maggie
  6166 | D:7      | Noticed Menkaure
  6171 | D:7      | Killed Menkaure
  6231 | D:7      | Reached XP level 10. HP: 15/60 MP: 0/0
  6581 | D:7      | Found a runed translucent door.
  6582 | D:7      | Noticed Crazy Yiuf
  6680 | D:7      | HP: 1/60 [vampire (11)]
  6682 | D:7      | Gained mutation: You are resistant to electric shocks.
                  | (rElec) [potion of mutation]
  6682 | D:7      | Gained mutation: You occasionally shout uncontrollably at
                  | your foes. [potion of mutation]
  6682 | D:7      | Slain by a vampire

Illustrated notes

Levels and vault maps discovered:
D:1:      dpeg_arrival_water_temple_mockup, layout_basic,
          ebering_ecumenical_altar_petrified, chequers_serial_rivers_micro_b
D:2:      layout_loops_ring
D:3:      layout_rooms, mainiacjoe_overflow_alcove_1, minmay_misc_feat_alley,
          uniq_natasha
D:4:      layout_loops_ring, led_xom_imps, tso_oasis_becter,
          minmay_temple_entry_hall, serial_rivers,
          chequers_serial_rivers_room_b, chequers_serial_rivers_small_a,
          chequers_serial_rivers_micro_c, chequers_serial_rivers_large_a,
          chequers_serial_rivers_room_a, lightli_sewer_entry_pipes, hex_medium,
          uniq_duvessa, uniq_ijyb
D:5:      wad_lake_hut, layout_rooms, nicolae_shop_vocational
D:6:      kennysheep_steamy, layout_cave_pods, kennysheep_mini
D:7:      kennysheep_big_flooded_room, layout_basic, uniq_crazy_yiuf_cottage,
          uniq_maggie, uniq_menkaure

Skill      XL: |  1  2  3  4  5  6  7  8  9 |
---------------+----------------------------+-----
Stealth        | 2 |  2.0
Dodging        | 3 4 5 6 8 |  8.7
Spellcasting   | 4 5 6 7 9 |  9.5
Conjurations   | 4 5 6 7 9 |  9.5
Hexes          | 4 5 6 7 9 |  9.5
Summonings     | 4 5 6 7 9 |  9.5
Necromancy     | 4 5 6 7 9 |  9.5
Translocations | 4 5 6 7 9 |  9.5
Fire Magic     | 4 5 6 7 9 |  9.5
Ice Magic      | 4 5 6 7 9 |  9.5
Air Magic      | 4 5 6 7 9 |  9.5
Earth Magic    | 4 5 6 7 9 |  9.5
Alchemy        | 4 5 6 7 9 |  9.5

Action                     |  1- 3 |  4- 6 |  7- 9 | 10-12 || total
---------------------------+-------+-------+-------+-------++-------
  Melee: Staff             |     1 |     1 |    62 |       ||    64
   Cast: Foxfire           |    47 |    89 |   110 |    17 ||   263
         Scorch            |     3 |    20 |    35 |     6 ||    64
         Mephitic Cloud    |       |       |     6 |     1 ||     7
         Flame Wave        |       |       |     2 |     1 ||     3
         Jinxbite          |       |       |     5 |       ||     5
         Slow              |       |       |     1 |       ||     1
         Inner Flame       |       |       |     1 |       ||     1
         Tukima's Dance    |       |       |     6 |     1 ||     7
    Use: Scroll            |       |     2 |    10 |     1 ||    13
         Potion            |       |       |     3 |     2 ||     5
 Armour: Robe              |     1 |    12 |    67 |     7 ||    87
  Dodge: Dodged            |     3 |    13 |    71 |     5 ||    92

Table legend: (Time is in decaauts)
 A = Elapsed time spent in this place.
 B = Non-inter-level travel time spent in this place.
 C = Inter-level travel time spent in this place.
 D = Time resting spent in this place.
 E = Time spent auto-exploring this place.
 F = Levels seen in this place.
 G = Mean time per level.
                   A        B        C        D        E       F      G
               +--------+--------+--------+--------+--------+-----+--------+
         Total |   6698 |   6436 |    262 |   1270 |   3970 |   8 |  837.2 |
       Dungeon |   6462 |   6200 |    262 |   1270 |   3790 |   7 |  923.1 |
         Sewer |    235 |    235 |      0 |      0 |    180 |   1 |  235.0 |
               +--------+--------+--------+--------+--------+-----+--------+

Top non-repeatable levels by time:
     D:4: 1708 daAuts
     D:6: 1287 daAuts
     D:1: 824 daAuts
     D:7: 792 daAuts
     D:2: 700 daAuts
     D:3: 679 daAuts
     D:5: 468 daAuts
   Sewer: 235 daAuts
